 Dungeon Crawl Stone Soup version 0.28-a0-1002-gf00fe891ef (webtiles) character file.

Game seed: 17345573974093563785

6463 RepHenryClay the Destroyer (level 11, -2/61 HPs)
             Began as an Octopode Conjurer on Dec 7, 2021.
             Was a Follower of Vehumet.
             Slain by a steam dragon (8 damage)
             ... on level 9 of the Dungeon.
             The game lasted 00:21:09 (13372 turns).

RepHenryClay the Destroyer (Octopode Conjurer)     Turns: 13372, Time: 00:21:10

Health: -2/61      AC:  1    Str:  6    XL:     11   Next: 0%
Magic:  3/27       EV: 15    Int: 25    God:    Vehumet [*.....]
Gold:   202        SH:  5    Dex: 11    Spells: 7/19 levels left

rFire   . . .      SeeInvis .   a - +2 dagger (drain)
rCold   . . .      Faith    .   (no shield)
rNeg    . . .      Spirit   .   (helmet restricted)
rPois   .          Reflect  +   c - amulet of reflection
rElec   .          Harm     .   r - ring of magical power
rCorr   .          Rampage  .   (no ring)
Will    .....                   (no ring)
Stlth   +++.......              (no ring)
HPRegen 0.20/turn               (no ring)
MPRegen 0.20/turn               (no ring)
                                (no ring)
                                (no ring)

@: no status effects
A: almost no armour, amphibious, 8 rings, camouflage 1, gelatinous body 1,
(nimble swimmer 1), tentacles
a: Renounce Religion


You were on level 9 of the Dungeon.
You worshipped Vehumet.
Vehumet was aware of your devotion.
You visited 2 branches of the dungeon, and saw 10 of its levels.

You collected 482 gold pieces.
You spent 280 gold pieces at shops.

Inventory:

Hand Weapons
 a - a +2 dagger of draining (weapon)
Missiles
 q - 2 throwing nets
Jewellery
 c - an amulet of reflection (around mantle)
 o - a ring of ice
 r - a ring of magical power (left tentacle)
 s - an amulet of faith
 u - a ring of resist corrosion
Wands
 k - a wand of polymorph (10)
Scrolls
 e - 5 scrolls of fear {unknown}
 g - 2 scrolls of magic mapping
 i - 2 scrolls of immolation
 j - a scroll of summoning
 t - a scroll of teleportation {unknown}
 v - a scroll of enchant weapon
Potions
 b - 3 potions of lignification
 f - 3 potions of attraction
 h - 2 potions of mutation {unknown}
 l - a potion of brilliance
 m - 2 potions of invisibility
 n - a potion of haste
 p - a potion of curing


   Skills:
 + Level 7.4 Dodging
 - Level 2.8 Stealth
 + Level 4.9 Spellcasting
 + Level 10.7 Conjurations
 - Level 4.0 Translocations
 - Level 6.0 Ice Magic
 - Level 6.0 Air Magic


You had 7 spell levels left.
You knew the following spells:

 Your Spells              Type           Power      Damage    Failure   Level
a - Magic Dart            Conj           100%       1d8       1%          1
b - Searing Ray           Conj           100%       2d8       1%          2
c - Iskenderun's Mystic   Conj/Tloc      43%        2d10      4%          4
d - Freezing Cloud        Conj/Ice/Air   22%        6-21      11%         5

Your spell library contained the following spells:

 Spells                   Type           Power      Damage    Failure   Level
 Shock                    Conj/Air       100%       1d9       1%          1
 Apportation              Tloc           52%        N/A       1%          1
 Freeze                   Ice            100%       1d11      1%          1
 Dazzling Flash           Conj/Hex       64%        N/A       2%          3
 Frozen Ramparts          Ice            72%        1d9       2%          3
 Hailstorm                Conj/Ice       47%        3d11      2%          4
 Fulminant Prism          Conj/Hex       16%        3d11      10%         4
 Sublimation of Blood     Necr           6%         N/A       13%         2
 Wereblood                Tmut           6%         N/A       13%         2
 Alistair's Intoxication  Tmut/Pois      4%         N/A       93%         5
 Simulacrum               Ice/Necr       10%        N/A       98%         6
 Summon Hydra             Summ           3%         N/A       100%        7
 Polar Vortex             Ice            18%        N/A       100%        9


Dungeon Overview and Level Annotations

Branches:
Dungeon (9/15)             Temple (1/1) D:7            Lair (0/6) D:8
    Orc: D:9-12

Altars:
Ashenzari
Cheibriados
Dithmenos
Fedhas
Gozag
Hepliaklqana
Kikubaaqudgha
Makhleb
Nemelex Xobeh
Okawaru
Qazlal
Ru
Sif Muna
Trog
Uskayaw
Vehumet
Wu Jian
Xom
Yredelemnul
Zin
The Shining One

Shops:
D:2 **=   D:3 *(   D:6 (   D:8 ?   D:9 [

Annotations:
D:7 Maggie


Innate Abilities, Weirdness & Mutations

You cannot wear most types of armour.
You are amphibious.
You can wear up to eight rings at the same time.
Your skin changes colour to match your surroundings (Stealth+).
Your rubbery body absorbs attacks. (AC +1, EV +1)
((You are camouflaged near water. (Stealth+)))
You have tentacles for arms and can constrict up to eight enemies at once.


Message History

Confirm with . or Enter, or press ? or * to list all spells.
Okay, then.
Okay, then.
Unknown command.
You hit the steam dragon. You drain the steam dragon.
The steam dragon is almost dead.
The steam dragon barely misses you. The steam dragon closely misses you.
You closely miss the steam dragon.
The steam dragon is almost dead.
The steam dragon breathes steam at you. The ball of steam hits you!
* * * LOW HITPOINT WARNING * * *
You hear a shout!
Huge Dmg: -26%(-16hp) hp: 30%(18hp)
You closely miss the steam dragon.
The steam dragon is almost dead.
You are engulfed in a cloud of scalding steam.
* * * LOW HITPOINT WARNING * * *
The steam dragon completely misses you. The steam dragon barely misses you.
Huge Dmg: -18%(-11hp) hp: 12%(7hp)
You feel much better.
You are engulfed in a cloud of scalding steam.
The wight is engulfed in freezing vapours.
The steam dragon bites you. The steam dragon misses you.
Unknown command.
The wight is engulfed in freezing vapours.
A wight comes into view. It is wielding a +0 battleaxe.
The steam dragon breathes steam at you. The ball of steam hits you!!
* * * LOW HITPOINT WARNING * * *
Huge Dmg: -40%(-24hp) hp: 5%(3hp) Unknown command.
Okay, then.
You feel better.
You are engulfed in a cloud of scalding steam.
* * * LOW HITPOINT WARNING * * *
The wight is engulfed in freezing vapours.
A wight comes into view. It is wielding a +0 scimitar.
The steam dragon bites you!
You die...

.........## #..≈#
#≈.#########
.....<..... #..≈#
.'
.........#####..≈#
................§#
###.........####≈#
#...........#
#≈#######
#...........#
#§≈≈≈≈≈≈≈
........#####
#§§##.###
......#.# #§@#
......#.# #Dz#
......#.# #§§.#
......#.# §☼§.#
......#.# .§§○§..
......#.#
........#
......#.#
.......z.# #.#
......z.... #.#
...........##


You could see a steam dragon (catching breath, drained) and 3 wights.

Vanquished Creatures
  Pikel (D:7)
  Maurice (D:8)
  Prince Ribbit (D:6)
  A wraith (D:6)
  A wyvern (D:8)
  2 steam dragons
  4 vampire mosquitoes (D:9)
  An acid dragon (D:6)
  2 water moccasins
  6 orc warriors
  An ice beast (D:7)
  A sky beast (D:5)
  2 necrophages
  2 ogres (D:4)
  A black bear (D:6)
  A phantom (D:5)
  4 centaurs
  4 lemures (D:6)
  A kobold brigand (D:6)
  2 bullfrogs (D:8)
  8 scorpions
  A wyvern skeleton (D:7)
  A water moccasin skeleton (D:6)
  5 killer bees (D:8)
  6 electric eels (D:6)
  5 howler monkeys
  3 hounds
  2 jellies
  A centaur skeleton (D:6)
  10 orc priests
  A gnoll shaman (D:5)
  4 iguanas
  7 orc wizards
  A killer bee zombie (D:7)
  A hound skeleton (D:5)
  16 gnolls
  A howler monkey skeleton (D:5)
  13 adders
  A white imp (D:7)
  2 ufetubi (D:6)
  An adder skeleton (D:5)
  2 worms
  3 dart slugs
  28 orcs
  6 ball pythons
  5 bats
  9 endoplasms
  2 giant cockroaches
  4 goblins
  2 hobgoblins
  4 jackals (D:5)
  9 kobolds
  A quokka (D:4)
  3 frilled lizards (D:2)
  6 rats
213 creatures vanquished.

Vanquished Creatures (others)
  16 fungi
  13 plants
29 creatures vanquished.

Grand Total: 242 creatures vanquished

Notes
Turn   | Place    | Note
-------+----------+-------------------------------------------
     0 | D:1      | RepHenryClay the Octopode Conjurer began the quest for the
                  | Orb.
     0 | D:1      | Reached XP level 1. HP: 11/11 MP: 3/3
   122 | D:1      | Reached XP level 2. HP: 17/17 MP: 1/5
   977 | D:2      | Reached XP level 3. HP: 21/21 MP: 4/6
   997 | D:2      | Found a faded altar of an unknown god.
  1141 | D:2      | Reached skill level 5 in Conjurations
  1144 | D:2      | Learned a level 2 spell: Searing Ray
  1193 | D:2      | Found Papra's General Store.
  1573 | D:2      | Found Leocisag's Jewellery Shoppe.
  1683 | D:1      | Reached XP level 4. HP: 10/27 MP: 3/7
  2040 | D:2      | Found Doko's General Store.
  2285 | D:3      | Found Wucuquog's Assorted Antiques.
  2500 | D:3      | Found Taluot Doxt's Antique Weapon Emporium.
  2659 | D:3      | Found a hide-covered altar of Uskayaw.
  2692 | D:3      | Found a sacrificial altar of Ru.
  2749 | D:3      | Found an iron altar of Okawaru.
  2772 | D:3      | Found a shimmering altar of Xom.
  2858 | D:3      | Found a stormy altar of Qazlal.
  2858 | D:3      | Found a blossoming altar of Fedhas.
  2859 | D:3      | Found a burning altar of Makhleb.
  3000 | D:4      | Noticed an ogre
  3056 | D:4      | Killed an ogre
  3057 | D:4      | Reached skill level 6 in Conjurations
  3057 | D:4      | Reached XP level 5. HP: 31/31 MP: 2/8
  3288 | D:4      | Reached skill level 7 in Conjurations
  3288 | D:4      | Reached XP level 6. HP: 36/36 MP: 2/9
  3525 | D:4      | Found a sparkling altar of Nemelex Xobeh.
  4181 | D:4      | Found a shimmering blue altar of Sif Muna.
  4270 | D:5      | Entered Level 5 of the Dungeon
  4276 | D:5      | Learned a level 4 spell: Iskenderun's Mystic Blast
  4289 | D:5      | Reached skill level 8 in Conjurations
  4361 | D:5      | Noticed a sky beast
  4371 | D:5      | Reached XP level 7. HP: 41/41 MP: 5/10
  4584 | D:5      | Found a broken altar of Ashenzari.
  4711 | D:5      | Reached skill level 9 in Conjurations
  5133 | D:5      | Reached skill level 1 in Translocations
  5206 | D:5      | Reached XP level 8. HP: 36/46 MP: 2/11
  6036 | D:6      | Noticed Prince Ribbit
  6512 | D:2      | Bought a ring of magical power for 280 gold pieces
  6630 | D:6      | Killed Prince Ribbit
  6631 | D:6      | Reached skill level 5 in Dodging
  6745 | D:6      | Found Ihebbiabb's Weapon Shoppe.
  6765 | D:6      | Reached XP level 9. HP: 51/51 MP: 12/12
  7349 | D:7      | Noticed Maggie
  7384 | D:7      | Noticed Pikel
  7945 | D:6      | Reached skill level 10 in Conjurations
  8900 | D:7      | Learned a level 5 spell: Freezing Cloud
  8961 | D:7      | Reached skill level 1 in Ice Magic
  8961 | D:7      | Reached skill level 1 in Air Magic
  9159 | D:7      | Killed Pikel
  9258 | D:7      | Reached XP level 10. HP: 52/56 MP: 15/15
 10409 | D:7      | Found a staircase to the Ecumenical Temple.
 10418 | Temple   | Entered the Ecumenical Temple
 10488 | Temple   | Became a worshipper of Vehumet
 10774 | D:8      | Reached skill level 5 in Ice Magic
 10774 | D:8      | Reached skill level 5 in Air Magic
 10889 | D:8      | Found a staircase to the Lair.
 10891 | D:8      | Noticed Maurice
 10909 | D:8      | Killed Maurice
 11241 | D:8      | Found Pipuv's Magic Scroll Boutique.
 12878 | D:9      | Reached * piety under Vehumet
 12878 | D:9      | Offered knowledge of Shock by Vehumet.
 13073 | D:9      | Found a shadowy altar of Dithmenos.
 13306 | D:9      | Found Rojaof's Antique Armour Shop.
 13367 | D:9      | Reached XP level 11. HP: 33/61 MP: 2/18
 13371 | D:9      | HP: 3/61 [steam dragon/ball of steam (24)]
 13372 | D:9      | Slain by a steam dragon

Illustrated notes

Levels and vault maps discovered:
D:1:      dpeg_arrival_rooms_a, layout_basic, roderic_roman_lattice
D:2:      layout_basic, dilly_ecumenical_altar_fadedgnrine, serial_shops,
          nicolae_shop_waterfront, shop_fountains, nicolae_lakefront_shop
D:3:      layout_basic, gammafunk_temple_overflow_claw,
          nicolae_overflow_quartered_altars, serial_shops, nicolae_shop_trees,
          shop_statue
D:4:      layout_basic, nemelex_dance_club_becter,
          mainiacjoe_overflow_concentric_impassable
D:5:      layout_basic, mainiacjoe_overflow_paths, minmay_misc_feat_rugged,
          serial_bayou_lagoon_b
D:6:      cheibrodos_two_vegetables, layout_cave_pools, serial_shops,
          nicolae_shop_trees, uniq_prince_ribbit1
D:7:      old_forge, layout_loops_ring, minmay_temple_entry_antechambers,
          uniq_maggie, uniq_pikel
D:8:      layout_basic, dpeg_oklobed_lair, serial_shops,
          nicolae_take_the_stairs, uniq_maurice
D:9:      layout_basic, lemuel_doored_altar, serial_shops, shop_fountains,
          minmay_orc_keep
Temple:   eino_temple_lava

Skill      XL: |  1  2  3  4  5  6  7  8  9 10 |
---------------+-------------------------------+-----
Conjurations   | 5 6 7 8 9 10 | 10.7
Translocations | 2 4 |  4.0
Dodging        | 5 6 7 |  7.4
Spellcasting   | 3 4 |  4.9
Ice Magic      | 3 6 |  6.0
Air Magic      | 3 6 |  6.0
Stealth        | |  2.8

Action                   |  1- 3 |  4- 6 |  7- 9 | 10-12 || total
-------------------------+-------+-------+-------+-------++-------
Melee: Unarmed           |     5 |       |       |       ||     5
       Constrict         |     2 |       |    14 |     9 ||    25
       Dagger            |       |     3 |    73 |    76 ||   152
       Tentacles         |       |       |     8 |     6 ||    14
 Cast: Magic Dart        |    61 |    67 |   138 |    18 ||   284
       Searing Ray       |     1 |     8 |    29 |    10 ||    48
       Iskenderun's Myst |       |       |    15 |    35 ||    50
       Freezing Cloud    |       |       |     1 |    11 ||    12
  Use: Scroll            |       |       |       |    12 ||    12
       Potion            |       |       |       |     2 ||     2
 Stab: Sleeping          |       |     1 |     2 |     4 ||     7
Armor: Skin              |     1 |       |     8 |     7 ||    16
Dodge: Dodged            |    13 |    10 |    99 |   109 ||   231
Block: Other             |       |       |    27 |    23 ||    50
       Reflection        |       |       |     6 |     3 ||     9

Table legend: (Time is in decaauts)
 A = Elapsed time spent in this place.
 B = Non-inter-level travel time spent in this place.
 C = Inter-level travel time spent in this place.
 D = Time resting spent in this place.
 E = Time spent auto-exploring this place.
 F = Levels seen in this place.
 G = Mean time per level.
                   A        B        C        D        E       F      G
               +--------+--------+--------+--------+--------+-----+--------+
         Total |  13400 |  12690 |    710 |   3675 |   7315 |  10 | 1340.0 |
       Dungeon |  13320 |  12619 |    701 |   3675 |   7253 |   9 | 1480.0 |
        Temple |     79 |     70 |      9 |      0 |     62 |   1 |   79.0 |
               +--------+--------+--------+--------+--------+-----+--------+

Top non-repeatable levels by time:
     D:6: 3251 daAuts
     D:8: 1687 daAuts
     D:7: 1642 daAuts
     D:5: 1620 daAuts
     D:4: 1423 daAuts
     D:1: 1162 daAuts
     D:2: 1002 daAuts
     D:3: 870 daAuts
     D:9: 659 daAuts
  Temple: 79 daAuts
